 Dungeon Crawl Stone Soup version 0.30-a0-760-g5a9884bb7c (webtiles) character file.

Game seed: 3763868820774886113

72029 bande the Severer (level 15, -17/94 HPs)
             Began as a Gargoyle Fighter on Feb 12, 2023.
             Was the Champion of Okawaru.
             Demolished by a very large slime creature (35 damage)
             ... on level 13 of the Dungeon.
             The game lasted 00:35:04 (15378 turns).

bande the Severer (Gargoyle Fighter)               Turns: 15378, Time: 00:35:05

Health: -17/94     AC: 36    Str: 26    XL:     15   Next: 38%
Magic:  23/23      EV:  7    Int: 21    God:    Okawaru [******]
Gold:   1426       SH: 17    Dex: 15    Spells: 14/14 levels left

rFire   + . .      SeeInvis .    X - +6 war axe (elec)
rCold   . . .      Faith    .    Z - +1 kite shield of Sunlight {rF+ rCorr Int+2}
rNeg    + + +      Spirit   .    u - +6 chain mail of the Eternal Fruit {Contam rN+++ Str+2 Int+3}
rPois   ∞          Reflect  +    v - +2 hat {Will+}
rElec   +          Harm     .    m - +1 cloak
rCorr   +          Rampage  .    y - +0 pair of gloves
Will    +++..                    E - +0 pair of boots Stlth
                                 I - amulet of reflection
HPRegen 0.35/turn                D - ring "Xufoug" {Will+ Str+4 Int+6}
MPRegen 0.18/turn                o - +4 ring of slaying

@: flying
A: sickness immunity, AC +11, big wings, negative energy resistance 1,
electricity resistance, torment resistance 1, petrification resistance
a: Renounce Religion, Heroism, Finesse, Duel


You were on level 13 of the Dungeon.
You worshipped Okawaru.
Okawaru was exalted by your worship.
You visited 2 branches of the dungeon, and saw 18 of its levels.

You collected 1426 gold pieces.

Inventory:

Hand Weapons
 w - a +1 broad axe of electrocution
 P - a +4 scimitar of flaming
 V - the +4 triple sword of Beer {spect, Int+5 Dex+4}
   (Okawaru gifted it to you on level 3 of the Lair of Beasts)

   Int:       It affects your intelligence (+5).
   Dex:       It affects your dexterity (+4).
 X - a +6 war axe of electrocution (weapon)
Armour
 k - the +1 buckler of Dishonesty {Regen+}
   (You acquired it on level 3 of the Dungeon)

   Regen:     It increases your rate of health regeneration.
 m - a +1 cloak (worn)
 t - the +5 scale mail "Ferer" {Int+4}
   (You found it on level 5 of the Dungeon)

   Int:       It affects your intelligence (+4).
 u - the +6 chain mail of the Eternal Fruit (worn) {Contam rN+++ Str+2 Int+3}
   (Okawaru gifted it to you on level 1 of the Lair of Beasts)

   Str:       It affects your strength (+2).
   Int:       It affects your intelligence (+3).
   rN:        It renders you almost immune to negative energy.
   Contam:    It causes magical contamination when unequipped.
 v - a +2 hat of willpower (worn)
 y - a +0 pair of gloves (worn)
 E - a +0 pair of boots (worn)
 Q - +2 acid dragon scales
 Z - the +1 kite shield of Sunlight (worn) {rF+ rCorr Int+2}
   (Okawaru gifted it to you on level 5 of the Lair of Beasts)

   Int:       It affects your intelligence (+2).
   rF:        It protects you from fire.
   rCorr:     It protects you from acid and corrosion.
Jewellery
 d - a ring of willpower
 f - a +4 ring of protection
 h - a ring of resist corrosion
 o - a +4 ring of slaying (right hand)
 z - an amulet of regeneration
 A - a ring of fire
 C - a +5 ring of evasion
 D - the ring "Xufoug" (left hand) {Will+ Str+4 Int+6}
   (You found it on level 7 of the Dungeon)

   [ring of intelligence]

   Str:       It affects your strength (+4).
   Int:       It affects your intelligence (+6).
   Will:      It increases your willpower.
 H - an amulet of the acrobat
 I - an amulet of reflection (around neck)
 S - a ring of willpower
 Y - an amulet of faith
Wands
 b - a wand of quicksilver (8)
 s - a wand of flame (47)
 F - a wand of iceblast (23)
 K - a wand of mindburst (6)
 R - a wand of polymorph (4)
Scrolls
 c - a scroll of enchant armour
 l - 5 scrolls of poison
 p - a scroll of brand weapon
 q - 2 scrolls of fear
 r - 2 scrolls of enchant weapon
 x - 7 scrolls of teleportation
 G - 2 scrolls of fog
 U - a scroll of blinking
Potions
 a - a potion of cancellation
 e - 5 potions of magic
 j - 13 potions of curing
 n - 9 potions of haste
 J - 3 potions of berserk rage
 L - 2 potions of mutation
 N - a potion of ambrosia
 O - 2 potions of brilliance
 W - a potion of resistance
Miscellaneous
 B - a condenser vane


   Skills:
 + Level 11.1 Fighting
 + Level 2.0 Long Blades
 + Level 15.2 Axes
 + Level 9.9 Armour
 + Level 9.9 Shields
 * Level 11.9 Invocations
 * Level 9.6 Evocations


You had 14 spell levels left.
You didn't know any spells.
Your spell library contained the following spells:

 Spells                   Type           Power      Damage    Failure   Level
 Kiss of Death            Conj/Necr      0%         2d5       88%         1
 Sandblast                Erth           0%         2d4       88%         1
 Blink                    Tloc           0%         N/A       96%         2
 Passwall                 Tmut/Erth      0%         N/A       96%         2
 Confusing Touch          Hex            0%         N/A       99%         3
 Ignite Poison            Fire/Tmut/Pois 0%         N/A       99%         3
 Mephitic Cloud           Conj/Pois/Air  0%         N/A       99%         3
 Ozocubu's Armour         Ice            0%         N/A       99%         3
 Portal Projectile        Hex/Tloc       0%         N/A       99%         3
 Stone Arrow              Conj/Erth      0%         3d7       99%         3
 Dispel Undead            Necr           0%         3d6       100%        4
 Manifold Assault         Tloc           0%         N/A       100%        4
 Petrify                  Tmut/Erth      0%         N/A       100%        4
 Sticky Flame             Conj/Fire      0%         2d3       100%        4
 Blade Hands              Tmut           0%         N/A       100%        5
 Freezing Cloud           Conj/Ice/Air   0%         6-21      100%        5
 Irradiate                Conj/Tmut      0%         3d11      100%        5
 Metabolic Englaciation   Hex/Ice        0%         N/A       100%        5
 Storm Form               Tmut/Air       0%         N/A       100%        7
 Ignition                 Fire           0%         3d3       100%        8
 Polar Vortex             Ice            0%         N/A       100%        9
 Summon Small Mammal      Summ           Unusable   N/A       N/A         1
 Sublimation of Blood     Necr           Unusable   N/A       N/A         2
 Tukima's Dance           Hex            Unusable   N/A       N/A         3
 Simulacrum               Ice/Necr       Unusable   N/A       N/A         6
 Spellforged Servitor     Conj/Summ      Unusable   N/A       N/A         7

Dungeon Overview and Level Annotations

Branches:
Dungeon (13/15)            Temple (0/1) D:5            Lair (5/5) D:11
  Swamp (0/4) Lair:3       Spider (0/4) Lair:2        Slime (0/5) Lair:4
    Orc (0/2) D:9          Vaults (0/5) D:13

Altars:
Elyvilon
Okawaru
Qazlal
Sif Muna
Wu Jian


Innate Abilities, Weirdness & Mutations

You are immune to sickness and miasma.
Your stone body is resilient. (AC +11)
You are immune to poison.
Your large and strong wings let you fly.
You resist negative energy. (rN+)
You are resistant to electric shocks. (rElec)
You are resistant to unholy torment.
You are immune to petrification.


Message History

You slash the catoblepas!
The catoblepas is heavily wounded.
You block the catoblepas's attack.
Unknown command.
You hit the catoblepas.
The catoblepas is severely wounded.
You block the catoblepas's attack.
You slash the catoblepas!
The catoblepas is severely wounded.
The catoblepas gores you.
You slice the catoblepas!!
You kill the catoblepas!
Okawaru accepts your kill.
You block the very large slime creature's attack.
You see here a catoblepas corpse.
You hit the very large slime creature.
The very large slime creature is lightly wounded.
The very large slime creature completely misses you.
You slash the very large slime creature!
The very large slime creature is lightly wounded.
The very large slime creature hits you.
You slice the very large slime creature!!
The very large slime creature is moderately wounded.
The very large slime creature hits you!
You slash the very large slime creature!
The very large slime creature is moderately wounded.
The very large slime creature hits you!!!
* * * LOW HITPOINT WARNING * * *
You slice the very large slime creature!!
The very large slime creature is heavily wounded.
You block the very large slime creature's attack.
You slice the very large slime creature!!
The very large slime creature is heavily wounded.
The very large slime creature hits you but does no damage.
You slice the very large slime creature!!
The very large slime creature is severely wounded.
You block the very large slime creature's attack.
You feel better.
The very large slime creature hits you!!
You die...

#............
#............
#............
#.#####...........
#...........#..... .
#######..##....... ...
#####..........
.....#####..............
......J@................
.....####..#.........###
..... #..##......######
.....###.#....#...# #...
......##.J....#...# ...
...........##...... ###
####......## .^..## #
###......# .. .# #
##....§...#


You could see a very large slime creature.

Vanquished Creatures
  Gastronok (Lair:2)
  Snorg (D:13)
  A fire dragon (Lair:5)
  6 hydras
  An ogre mage (D:13)
  Erolcha (D:10)
  Erica (Lair:2)
  A catoblepas (D:13)
  6 two-headed ogres
  4 boulder beetles
  4 death yaks
  Amaemon (Lair:1)
  A swamp dragon (Lair:5)
  A skyshark (Lair:4)
  An ugly thing (D:13)
  2 deep elf pyromancers
  4 cyclopes
  2 wolf spiders (Lair:5)
  3 manticores
  9 black mambas
  17 elephants
  A guardian serpent (Lair:5)
  18 cane toads
  Maggie (Lair:2)
  An orange demon (Lair:1)
  6 komodo dragons
  5 rime drakes
  5 trolls
  A meliai (D:8)
  A polar bear (Lair:5)
  3 hornets
  14 blink frogs
  13 dream sheep
  3 wraiths
  8 slime creatures
  Eustachio (D:6)
  13 wyverns
  70 yaks
  2 vampires
  9 basilisks
  2 steam dragons
  A redback (Lair:5)
  25 water moccasins
  3 acid dragons
  An ice beast (D:7)
  3 orc warriors
  3 black bears
  2 sky beasts (D:7)
  3 swamp drakes
  14 wolves
  6 centaurs
  2 ogres
  A kobold brigand (D:8)
  A phantom (D:4)
  12 bullfrogs
  A gnoll sergeant (D:7)
  5 scorpions
  9 wights
  11 killer bees
  9 electric eels
  3 howler monkeys
  2 jellies
  2 hounds (D:4)
  3 gnoll boudas
  4 orc priests
  9 orc wizards
  6 iguanas
  6 hell rats (Lair:5)
  9 gnolls (D:5)
  6 adders
  4 white imps
  An ufetubus (D:4)
  7 worms
  A dart slug (D:1)
  58 orcs
  8 ball pythons
  9 endoplasms
  7 giant cockroaches
  4 goblins
  2 hobgoblins
  8 jackals (D:1)
  13 kobolds
  8 quokkas
  5 bats
  6 frilled lizards
  4 rats
552 creatures vanquished.

Vanquished Creatures (others)
  A bush (D:6)
  36 fungi
  54 plants
91 creatures vanquished.

Grand Total: 643 creatures vanquished

Notes
Turn   | Place    | Note
-------+----------+-------------------------------------------
     0 | D:1      | bande the Gargoyle Fighter began the quest for the Orb.
     0 | D:1      | Reached XP level 1. HP: 14/14 MP: 1/1
   153 | D:1      | Reached XP level 2. HP: 19/19 MP: 2/2
   155 | D:1      | Reached skill level 2 in Axes
   483 | D:1      | Reached XP level 3. HP: 23/23 MP: 3/3
  1457 | D:2      | Reached skill level 3 in Axes
  1457 | D:2      | Reached XP level 4. HP: 28/28 MP: 4/4
  1833 | D:3      | Found a shimmering blue altar of Sif Muna.
  2048 | D:3      | Identified a scroll of acquirement
  2048 | D:3      | Acquired the +1 buckler of Dishonesty {Regen+}
  2177 | D:3      | Found a stormy altar of Qazlal.
  2207 | D:3      | Reached XP level 5. HP: 33/33 MP: 5/5
  2635 | D:4      | Found an ornate altar of the Wu Jian Council.
  2646 | D:4      | Reached skill level 4 in Axes
  2800 | D:4      | Found an iron altar of Okawaru.
  2816 | D:4      | Noticed a phantom
  2820 | D:4      | Reached XP level 6. HP: 33/38 MP: 6/6
  2843 | D:4      | Became a worshipper of Warmaster Okawaru
  2939 | D:4      | Reached skill level 5 in Axes
  3077 | D:4      | Reached skill level 1 in Invocations
  3271 | D:5      | Entered Level 5 of the Dungeon
  3278 | D:5      | Reached XP level 7. HP: 29/43 MP: 7/7
  3396 | D:5      | Identified the +5 scale mail "Ferer" {Int+4}
  3459 | D:5      | Reached * piety under Okawaru
  3593 | D:5      | Found a staircase to the Ecumenical Temple.
  4012 | D:6      | Noticed Eustachio
  4017 | D:6      | Reached skill level 6 in Axes
  4020 | D:6      | Reached skill level 1 in Evocations
  4020 | D:6      | Reached XP level 8. HP: 35/48 MP: 8/10
  4031 | D:6      | Killed Eustachio
  4032 | D:6      | Reached skill level 5 in Armour
  4161 | D:6      | Reached ** piety under Okawaru
  4407 | D:6      | Got the Annotations on Assembled Astrapomancy
  4683 | D:7      | Reached skill level 5 in Fighting
  4683 | D:7      | Reached skill level 7 in Axes
  4687 | D:7      | Reached XP level 9. HP: 54/54 MP: 10/12
  4758 | D:7      | Reached *** piety under Okawaru
  4778 | D:7      | Reached skill level 5 in Shields
  4874 | D:7      | Noticed a two-headed ogre
  4877 | D:7      | Noticed a manticore
  4879 | D:7      | Identified the +3 ring mail "Rosh" {rPois rCorr Str+4
                  | Int-4}
  4883 | D:7      | Killed a two-headed ogre
  4883 | D:7      | Reached **** piety under Okawaru
  4884 | D:7      | Reached skill level 8 in Axes
  4884 | D:7      | Reached skill level 5 in Invocations
  4890 | D:7      | Killed a manticore
  4891 | D:7      | Reached XP level 10. HP: 32/60 MP: 12/14
  4909 | D:7      | Noticed a deep elf pyromancer
  4920 | D:7      | Killed a deep elf pyromancer
  4921 | D:7      | Reached skill level 9 in Axes
  4929 | D:7      | Identified the ring "Xufoug" {Will+ Str+4 Int+6}
  5662 | D:8      | Reached ***** piety under Okawaru
  5682 | D:8      | Received a gift from Okawaru
  6389 | D:8      | Reached skill level 10 in Axes
  6389 | D:8      | Reached skill level 5 in Evocations
  6389 | D:8      | Reached XP level 11. HP: 67/67 MP: 15/15
  6881 | D:9      | Found a staircase to the Orcish Mines.
  6973 | D:9      | Noticed a five-headed hydra
  6988 | D:9      | Killed a five-headed hydra
  7163 | D:10     | Entered Level 10 of the Dungeon
  7200 | D:10     | Noticed Erolcha
  7211 | D:10     | Killed Erolcha
  7214 | D:10     | Noticed a manticore
  7221 | D:10     | Killed a manticore
  7328 | D:10     | Received a gift from Okawaru
  7834 | D:11     | Noticed a two-headed ogre
  7842 | D:11     | Killed a two-headed ogre
  7843 | D:11     | Reached skill level 11 in Axes
  8027 | D:11     | Noticed a cyclops
  8035 | D:11     | Killed a cyclops
  8039 | D:11     | Noticed a death yak
  8048 | D:11     | Killed a death yak
  8053 | D:11     | Reached XP level 12. HP: 67/73 MP: 16/18
  8064 | D:11     | Found a staircase to the Lair.
  8068 | D:11     | Noticed a two-headed ogre
  8075 | D:11     | Killed a two-headed ogre
  8175 | D:11     | Noticed a boulder beetle
  8188 | D:11     | Killed a boulder beetle
  8826 | Lair:1   | Entered Level 1 of the Lair of Beasts
  9228 | Lair:1   | Noticed Amaemon
  9247 | Lair:1   | Killed Amaemon
  9247 | Lair:1   | Identified the +6 chain mail of the Eternal Fruit {Contam
                  | rN+++ Str+2 Int+3} (Okawaru gifted it to you on level 1 of
                  | the Lair of Beasts)
  9247 | Lair:1   | Received a gift from Okawaru
  9248 | Lair:1   | Reached skill level 12 in Axes
  9578 | Lair:1   | Reached XP level 13. HP: 59/80 MP: 19/19
  9966 | Lair:2   | Noticed Gastronok
  9980 | Lair:2   | Killed Gastronok
  9981 | Lair:2   | Reached ****** piety under Okawaru
  9982 | Lair:2   | Reached skill level 13 in Axes
 10047 | Lair:2   | Identified the +0 pair of boots "Luuruqi" {rCorr Int+4
                  | Dex-5} (Okawaru gifted it to you on level 2 of the Lair of
                  | Beasts)
 10047 | Lair:2   | Received a gift from Okawaru
 10143 | Lair:2   | Noticed Maggie
 10148 | Lair:2   | Noticed Erica
 10152 | Lair:2   | Killed Maggie
 10160 | Lair:2   | Killed Erica
 10360 | Lair:2   | Found a hole to the Spider Nest.
 10665 | Lair:3   | Reached skill level 10 in Invocations
 10834 | Lair:3   | Found a staircase to the Swamp.
 10930 | Lair:3   | Identified the +4 triple sword of Beer {spect, Int+5 Dex+4}
                  | (Okawaru gifted it to you on level 3 of the Lair of Beasts)
 10930 | Lair:3   | Received a gift from Okawaru
 11326 | Lair:4   | Reached skill level 14 in Axes
 11327 | Lair:4   | Gained mutation: Your large and strong wings let you fly.
                  | [Gargoyle growth]
 11327 | Lair:4   | Reached XP level 14. HP: 87/87 MP: 21/21
 11375 | Lair:4   | Found a staircase to the Slime Pits.
 11480 | Lair:4   | Reached skill level 10 in Fighting
 11883 | Lair:5   | Entered Level 5 of the Lair of Beasts
 11896 | Lair:5   | Received a gift from Okawaru
 12427 | Lair:5   | Reached skill level 1 in Long Blades
 12431 | Lair:5   | Identified the +1 kite shield of Sunlight {rF+ rCorr Int+2}
                  | (Okawaru gifted it to you on level 5 of the Lair of Beasts)
 12431 | Lair:5   | Received a gift from Okawaru
 12974 | Lair:5   | Reached XP level 15. HP: 82/93 MP: 23/23
 13009 | Lair:5   | Found a white marble altar of Elyvilon.
 13137 | Lair:5   | Reached skill level 15 in Axes
 13407 | Lair:5   | Received a gift from Okawaru
 14753 | D:13     | Noticed Snorg
 14754 | D:13     | Found a gate to the Vaults.
 14764 | D:13     | Killed Snorg
 15378 | D:13     | Demolished by a very large slime creature

Illustrated notes

Levels and vault maps discovered:
D:1:      evilmike_arrival_rings, layout_basic, minmay_misc_feat_alley,
          nrook_loot_triangle, nicolae_titane
D:2:      layout_loops_ring, minmay_pentomino_pile
D:3:      layout_loops_ring, mainiacjoe_overflow_alcove_1,
          mainiacjoe_overflow_chevrons, kennysheep_cross_bottleneck,
          serial_bayou_pond_d
D:4:      layout_basic, overflow_temple_1_default, mainiacjoe_overflow_alcove_2
D:5:      layout_cave_pools, minmay_temple_entry_crystal_x, serial_park,
          serial_park_square1 [serial_park_minivault_5x5_8], serial_park_tiny_1,
          serial_park_square2
D:6:      layout_rooms, kb_lookout_dungeons_type, kennysheep_generic_room_16,
          uniq_eustachio
D:7:      minmay_the_grid_triangle_9x9_rhombus_full
          [minmay_the_grid_triangle_9x9_corrupted_corridor,
          minmay_the_grid_triangle_9x9_swiss_cheese,
          minmay_the_grid_triangle_9x9_descending_squares,
          minmay_the_grid_triangle_9x9_negative_grid,
          minmay_the_grid_triangle_9x9_pentomino_pain,
          minmay_the_grid_triangle_9x9_checkered,
          minmay_the_grid_triangle_9x9_steps,
          minmay_the_grid_triangle_9x9_prize_schism], layout_cave_pods
D:8:      layout_loops_ring, grunt_tough_drop
D:9:      layout_small_grid, hiddenorc2_lemuel
D:10:     layout_basic, grunt_decor_one_mirror, minmay_holes,
          minmay_misc_feat_plants, uniq_erolcha
D:11:     layout_layer_cave, david_lair_generic, lightli_minifort
D:12:     layout_grid_maze
D:13:     layout_rooms, david_vaults_2, uniq_snorg
Lair:1:   layout_gridlike, grunt_megastairs_5, serial_bayou_shore_a,
          uniq_amaemon
Lair:2:   layout_cave_shapes, nicolae_spider_entry_non_spiders,
          infiniplex_staircase_pool_2, uniq_erica, uniq_gastronok, uniq_maggie
Lair:3:   layout_misc_corridors, swamp_mist_pool, grunt_megastairs_1
Lair:4:   layout_gridlike, slime_entry_1
Lair:5:   hangedman_lair_tendril_chambers, layout_regular_city,
          guppyfry_lair_end_dragon, basic_altar

Skill      XL: |  1  2  3  4  5  6  7  8  9 10 11 12 13 14 15 |
---------------+----------------------------------------------+-----
Axes           | 2 3 4 5 6 7 8 10 11 12 14 15 | 15.2
Armour         | 4 5 6 7 8 9 |  9.9
Shields        | 4 5 6 7 8 9 |  9.9
Fighting       | 4 5 6 7 8 9 10 11 | 11.1
Invocations    | 1 2 4 5 6 8 9 10 11 | 11.9
Evocations     | 1 2 4 5 6 7 8 9 |  9.6
Long Blades    | 2 |  2.0

Action                     |  1- 3 |  4- 6 |  7- 9 | 10-12 | 13-15 || total
---------------------------+-------+-------+-------+-------+-------++-------
  Melee: War axe           |   118 |   114 |   188 |   254 |   316 ||   990
         Broad axe         |       |       |       |   281 |   287 ||   568
         Flail             |       |       |       |     9 |       ||     9
         Scimitar          |       |       |       |       |    34 ||    34
 Invoke: Heroism           |       |       |       |     1 |       ||     1
    Use: Scroll            |     5 |     9 |     1 |    10 |     6 ||    31
         Potion            |       |       |       |     1 |     2 ||     3
   Stab: Paralysed         |       |       |     1 |       |       ||     1
         Petrifying        |       |       |     2 |     1 |     1 ||     4
         Confused          |       |       |     1 |       |     1 ||     2
         Petrified         |       |       |       |       |     5 ||     5
 Armour: Scale mail        |    77 |    55 |   202 |   251 |       ||   585
         Chain mail        |       |       |       |    60 |   496 ||   556
  Dodge: Dodged            |    69 |    49 |   156 |   158 |   191 ||   623
  Block: Buckler           |    48 |    29 |    81 |   276 |   364 ||   798
         Reflection        |       |       |       |     6 |     5 ||    11
         Kite shield       |       |       |       |       |    85 ||    85

Table legend: (Time is in decaauts)
 A = Elapsed time spent in this place.
 B = Non-inter-level travel time spent in this place.
 C = Inter-level travel time spent in this place.
 D = Time resting spent in this place.
 E = Time spent auto-exploring this place.
 F = Levels seen in this place.
 G = Mean time per level.
                   A        B        C        D        E       F      G
               +--------+--------+--------+--------+--------+-----+--------+
         Total |  15499 |  15193 |    306 |   1384 |   9831 |  18 |  861.1 |
       Dungeon |  10717 |  10506 |    211 |    878 |   7080 |  13 |  824.4 |
          Lair |   4782 |   4687 |     95 |    506 |   2751 |   5 |  956.4 |
               +--------+--------+--------+--------+--------+-----+--------+

Top non-repeatable levels by time:
  Lair:5: 1496 daAuts
    D:11: 1185 daAuts
     D:7: 1124 daAuts
  Lair:1: 1115 daAuts
     D:1: 1093 daAuts
    D:12: 964 daAuts
     D:8: 932 daAuts
     D:3: 878 daAuts
  Lair:4: 798 daAuts
  Lair:2: 741 daAuts
     D:2: 721 daAuts
    D:13: 702 daAuts
     D:6: 674 daAuts
     D:4: 664 daAuts
     D:5: 657 daAuts
